 Dungeon Crawl Stone Soup version 0.30.1-9-gdf580d7c3d (webtiles) character file.

Game seed: 8381652085192249585

226 growler the Gusty (level 6, -1/32 HPs)
             Began as a Tengu Air Elementalist on Oct 24, 2023.
             Slain by a lemure (7 damage)
             ... led by Pikel
             ... on level 4 of the Dungeon.
             The game lasted 00:10:30 (3542 turns).

growler the Gusty (Tengu Air Elementalist)          Turns: 3542, Time: 00:10:30

Health: -1/32      AC:  3    Str:  8    XL:     6   Next: 1%
Magic:  6/12       EV: 14    Int: 18    God:
Gold:   164        SH:  0    Dex: 14    Spells: 2/12 levels left

rFire   . . .        i - +2 dagger (venom)
rCold   . . .        (no shield)
rNeg    . . .        a - +0 robe
rPois   .            (helmet restricted)
rElec   .            (no cloak)
rCorr   .            n - +0 pair of gloves
SInv    .            (boots unavailable)
Will    .....        (no amulet)
Stlth   ++           (no ring)
HPRegen 0.25/turn    (no ring)
MPRegen 0.13/turn

%: no passive effects
@: flying quickly and evasively, quick
A: beak, talons 3, nimble flight
a: no special abilities


You were on level 4 of the Dungeon.
You visited 1 branch of the dungeon, and saw 4 of its levels.

You collected 164 gold pieces.

Inventory:

Hand Weapons
 i - a +2 dagger of venom (weapon)
Armour
 a - a +0 robe (worn)
 n - a +0 pair of gloves (worn)
Jewellery
 d - an amulet of regeneration
Wands
 h - a wand of polymorph (12)
Scrolls
 c - a scroll of teleportation {unknown}
 f - a scroll of enchant armour {unknown}
 g - 3 scrolls of noise {unknown}
 k - a scroll of magic mapping {unknown}
 l - a scroll of amnesia {unknown}
 m - 3 scrolls of identify {unknown}
 p - a scroll of fog {unknown}
 q - a scroll of fear {unknown}
Potions
 b - a potion of magic
 e - a potion of ambrosia {unknown}
 j - a potion of flight {unknown}
 o - a potion of might {unknown}
 r - a potion of curing {unknown}
 s - a potion of brilliance {unknown}
 t - a potion of berserk rage {unknown}


   Skills:
 - Level 2.1 Dodging
 - Level 2.0 Stealth
 + Level 3.5 Spellcasting
 + Level 4.4 Conjurations
 + Level 5.9 Air Magic


You had 2 spell levels left.
You knew the following spells:

 Your Spells              Type           Power      Damage    Failure   Level
a - Shock                 Conj/Air       84%        1d8       1%          1
b - Static Discharge      Conj/Air       42%        2-4/arc   2%          2
c - Swiftness             Air            24%        N/A       4%          3
d - Airstrike             Air            12%        2d(2-18)  13%         4

Your spell library contained the following spells:

 Spells                   Type           Power      Damage    Failure   Level
 Beastly Appendage        Tmut           6%         N/A       16%         1
 Wereblood                Tmut           3%         N/A       24%         2
 Ignite Poison            Fire/Tmut/Pois 3%         N/A       43%         3
 Spider Form              Tmut/Pois      3%         N/A       43%         3
 Sticky Flame             Conj/Fire      11%        2d3       52%         4
 Ignition                 Fire           1%         3d3       100%        8


Dungeon Overview and Level Annotations

Branches:
Dungeon (4/15)
 Temple: D:4-7

Altars:
Fedhas
Qazlal

Annotations:
D:3 1 runed translucent door, lonewolfV2's ghost, amateur FoFi


Innate Abilities, Weirdness & Mutations

You have a beak for a mouth.
You have claws for feet.
Your magical nature lets you fly swiftly and evasively.


Message History

The lemure barely misses you.
You hit the lemure but do no damage. You claw the lemure.
Your peck misses the lemure.
The lemure is severely wounded.
The lemure barely misses you. The lemure hits you.
You kill the lemure!
That felt strangely unrewarding.
The zap hits the lemure.
The lemure is lightly wounded.
The zap misses the lemure.
The zap misses the lemure.
The zap hits the lemure.
The lemure is almost dead.
The lemure closely misses you.
Found 2 poisoned darts.
You closely miss the lemure.
The lemure is lightly wounded.
You hit the lemure.
The lemure is poisoned.
Your kick misses the lemure. You peck the lemure, but do no damage.
The lemure is almost dead.
The lemure misses you. The lemure hits you. The lemure hits you!
You hit the lemure. Your peck misses the lemure.
The lemure is lightly wounded.
The lemure barely misses you.
You barely miss the lemure. You claw the lemure.
The lemure is moderately wounded.
The lemure hits you.
You hit the lemure.
The lemure is poisoned.
Your kick misses the lemure.
The lemure is moderately wounded.
The lemure closely misses you.
You closely miss the lemure.
The lemure is moderately wounded.
The lemure hits you.
You closely miss the lemure. Your kick misses the lemure.
The lemure is heavily wounded.
The lemure hits you.
* * * LOW HITPOINT WARNING * * *
The lemure hits you!
You die...

... .. (.. .# P..... ..##.#
♣..#.# #.##.## ♣P.#.# #.#...#
.♣♣♣....# #.#...### ...)....#
#.......#
......#.#####.......#
P..PP.....@.........#
♣♣♣P...#.#5###...#.####### .
♣P.#†#...........[...>..
...♣♣♣..#.###.###.#.##.######
....P.P......># ##.###.#
.........###### #.# #.#
P.P.P...## #.# #.# ...♣♣♣..#
#.# #.# .$ ♣..# #.# #.#


You could see a lemure (poisoned).

Vanquished Creatures
  2 lemures (D:4)
  Natasha (thrice) (D:3)
  Robin (D:2)
  3 gnolls (D:3)
  4 adders
  5 orcs (D:3)
  5 ball pythons
  4 bats
  5 endoplasms
  3 giant cockroaches (D:1)
  12 goblins
  6 hobgoblins
  2 jackals (D:2)
  3 quokkas
  5 frilled lizards
  6 kobolds
  6 rats (D:1)
75 creatures vanquished.

Notes
Turn   | Place    | Note
-------+----------+-------------------------------------------
     0 | D:1      | growler the Tengu Air Elementalist began the quest for the
                  | Orb.
     0 | D:1      | Reached XP level 1. HP: 10/10 MP: 4/4
   186 | D:1      | Reached XP level 2. HP: 15/15 MP: 3/6
   189 | D:1      | Learned a level 2 spell: Static Discharge
   715 | D:1      | Reached XP level 3. HP: 17/19 MP: 1/7
   719 | D:1      | Learned a level 3 spell: Swiftness
  1367 | D:2      | Noticed Robin
  1460 | D:2      | Killed Robin
  1461 | D:2      | Reached XP level 4. HP: 16/24 MP: 2/9
  1545 | D:2      | Reached skill level 5 in Air Magic
  1688 | D:2      | Identified the +5 helmet of Tumajiro {rF++ rC+ Str+3
                  | Slay+5}
  2116 | D:3      | Found a runed translucent door.
  2128 | D:3      | Noticed lonewolfV2's ghost (amateur FoFi)
  2133 | D:3      | Found a stormy altar of Qazlal.
  2134 | D:3      | Noticed Natasha
  2139 | D:3      | Killed Natasha
  2190 | D:3      | Gained mutation: Your magical nature lets you fly swiftly
                  | and evasively. [Tengu growth]
  2190 | D:3      | Reached XP level 5. HP: 28/28 MP: 8/10
  2257 | D:3      | Found a blossoming altar of Fedhas.
  2733 | D:3      | Learned a level 4 spell: Airstrike
  2804 | D:3      | Found a faded altar of an unknown god.
  2804 | D:3      | Noticed Natasha
  2812 | D:3      | Killed Natasha
  3176 | D:3      | Noticed Natasha
  3188 | D:3      | Killed Natasha
  3480 | D:4      | Reached XP level 6. HP: 32/32 MP: 9/12
  3542 | D:4      | Slain by a lemure

Illustrated notes

Levels and vault maps discovered:
D:1:      dpeg_arrival_prison, layout_basic, serial_forest,
          infiniplex_forest_clump_cross, infiniplex_forest_lined_3_way,
          infiniplex_forest_clump_double, infiniplex_forest_fountain,
          infiniplex_forest_lined_room_2, infiniplex_forest_lined_3_way,
          infiniplex_forest_end_2, infiniplex_forest_end_3,
          minmay_misc_feat_ornament
D:2:      layout_basic, uniq_terence, uniq_robin, uniq_jessica
D:3:      layout_basic, nicolae_qazlal_scattered_showers,
          mainiacjoe_overflow_catwalk, ebering_ghost_sewer_d,
          shapermc_ecumenical_altar_mp_highgroup, uniq_natasha
D:4:      layout_loops_ring, nicolae_uskayaw_murder_on_the_dancefloor,
          nicolae_zen_rock_garden, kennysheep_boxes, uniq_pikel

Skill      XL: |  1  2  3  4  5 |
---------------+----------------+-----
Conjurations   | 2 3 4 |  4.4
Air Magic      | 5 |  5.9
Spellcasting   | 3 |  3.5
Dodging        | |  2.1
Stealth        | |  2.0

Action                     |  1- 3 |  4- 6 || total
---------------------------+-------+-------++-------
  Melee: Unarmed           |     1 |     2 ||     3
         Dagger            |       |    22 ||    22
         Kick              |       |     8 ||     8
         Peck              |       |     4 ||     4
   Cast: Shock             |    60 |    93 ||   153
         Static Discharge  |     3 |     3 ||     6
   Stab: Distracted        |       |     1 ||     1
 Armour: Robe              |     3 |     3 ||     6
  Dodge: Dodged            |     6 |    29 ||    35
